 Dungeon Crawl Stone Soup version 0.32-a0-18-g89e19f1974 (webtiles) character file.

Game seed: 17915347187834929519

284 zenocrate the Sneak (level 6, -9/28 HPs)
             Began as a Vine Stalker Enchanter on Jan 17, 2024.
             Mangled by a gnoll sergeant
             ... wielding a +3 trident of protection
              (11 damage)
             ... on level 5 of the Dungeon.
             The game lasted 00:05:27 (3627 turns).

zenocrate the Sneak (Vine Stalker Enchanter)        Turns: 3627, Time: 00:05:28

Health: -9/28      AC:  5    Str: 11    XL:     6   Next: 29%
Magic:  0/11       EV: 12    Int: 15    God:
Gold:   159        SH:  0    Dex: 16    Spells: 2/10 levels left

rFire   . . .        b - +1 rapier (venom)
rCold   . . .        (no shield)
rNeg    . . .        f - +0 robe
rPois   .            (no helmet)
rElec   .            j - scarf {shadows}
rCorr   .            d - +2 pair of gloves
SInv    .            (no boots)
Will    .....        o - amulet of the acrobat
Stlth   +++          (no ring)
HPRegen 1.04/turn    (no ring)
MPRegen 0.12/turn

%: acrobat, guardian spirit
@: no status effects
A: fangs 2, regeneration 1, magic shield, antimagic bite, no potion heal 2
a: no special abilities


You were on level 5 of the Dungeon.
You visited 1 branch of the dungeon, and saw 5 of its levels.

You collected 159 gold pieces.

Inventory:

Hand Weapons
 a - a +1 dagger
 b - a +1 rapier of venom (weapon)
Armour
 d - a +2 pair of gloves (worn)
 f - a +0 robe (worn)
 j - a scarf of shadows (worn)
 t - a +0 buckler
Jewellery
 o - an amulet of the acrobat (around neck)
Wands
 g - a wand of digging (4)
 u - a wand of iceblast (6)
Scrolls
 e - a scroll of torment {unknown}
 h - a scroll of amnesia
 l - a scroll of brand weapon {unknown}
 m - a scroll of fear {unknown}
 q - a scroll of silence {unknown}
 r - a scroll of fog {unknown}
 v - a scroll of immolation {unknown}
Potions
 c - a potion of invisibility
 i - 2 potions of curing
 k - 2 potions of might
 n - 2 potions of brilliance
 p - a potion of attraction
 s - a potion of heal wounds {unknown}
 x - a potion of mutation {unknown}


   Skills:
 + Level 2.4 Short Blades
 + Level 2.5 Dodging
 + Level 5.1 Stealth
 + Level 2.9 Spellcasting
 + Level 3.9 Hexes
 + Level 1.9 Ice Magic


You had 2 spell levels left.
You knew the following spells:

 Your Spells              Type           Power      Damage    Failure   Level
a - Ensorcelled Hibernat  Hex/Ice        22%        N/A       9%          2
b - Confusing Touch       Hex            14%        N/A       12%         3
c - Tukima's Dance        Hex            14%        N/A       12%         3

Your spell library contained the following spells:

 Spells                   Type           Power      Damage    Failure   Level
 Slow                     Hex            56%        N/A       4%          1
 Shock                    Conj/Air       8%         1d3       21%         1
 Cigotuvi's Dreadful Rot  Necr/Alch/Air  4%         N/A       30%         2
 Sigil of Binding         Hex            14%        N/A       12%         3
 Dazzling Flash           Conj/Hex       16%        N/A       26%         3
 Mephitic Cloud           Conj/Alch/Air  2%         N/A       52%         3
 Passwall                 Erth           2%         N/A       52%         3
 Swiftness                Air            2%         N/A       52%         3
 Vampiric Draining        Necr           2%         2d6       52%         3
 Fulminant Prism          Conj/Alch      1%         3d5       90%         4


Dungeon Overview and Level Annotations

Branches:
Dungeon (5/15)
 Temple: D:4-7

Altars:

Shops:
D:4 ?


Innate Abilities, Weirdness & Mutations

You have extremely sharp teeth.
Your natural rate of healing is unusually fast.
When hurt, damage is shared between your health and your magic reserves.
Your bite disrupts and absorbs the magic of your enemies.
Potions cannot restore your health.


Message History

Aim: a gnoll sergeant, wielding a +3 trident of protection and wearing a +0 ring mail (chance to affect: 45%)
The gnoll sergeant looks drowsy...
Things that are here:
a +0 club; a +0 whip; a gnoll corpse The helpless gnoll sergeant fails to defend itself.
You puncture the gnoll sergeant!
The gnoll sergeant is poisoned.
You bite the gnoll sergeant, but do no damage.
The gnoll sergeant is moderately wounded.
The gnoll sergeant barely misses you.
You barely miss the gnoll sergeant.
The gnoll sergeant is moderately wounded.
The gnoll sergeant hits you with a +3 trident of protection.
Your magical contamination has completely faded away.
You hit the gnoll sergeant but do no damage.
The gnoll sergeant looks as sick as possible!
You bite the gnoll sergeant, but do no damage.
The gnoll sergeant is heavily wounded.
The gnoll sergeant barely misses you.
You hit the gnoll sergeant but do no damage.
The gnoll sergeant looks as sick as possible!
You bite the gnoll sergeant, but do no damage.
The gnoll sergeant is heavily wounded.
The gnoll sergeant hits you with a +3 trident of protection.
You barely miss the gnoll sergeant.
The gnoll sergeant is heavily wounded.
The gnoll sergeant hits you with a +3 trident of protection!
You are too injured to fight recklessly!
You hit the gnoll sergeant but do no damage.
You bite the gnoll sergeant, but do no damage.
The gnoll sergeant is severely wounded.
The gnoll sergeant hits you with a +3 trident of protection.
Unknown command.
You hit the gnoll sergeant but do no damage.
The gnoll sergeant looks as sick as possible!
Your bite misses the gnoll sergeant.
The gnoll sergeant is almost dead.
The gnoll sergeant hits you with a +3 trident of protection!
* * * LOW HITPOINT WARNING * * *
The gnoll sergeant hits you with a +3 trident of protection!
You die...

#..g ....
#.g# #g.#
#..# #..#
#..#######
#......g.#
######@#.#
#.#.# #.#.#
#)#.#
.######.#.#
........#.#
.########.#
#.# ###.##


You could see a gnoll sergeant (extremely poisoned).

Vanquished Creatures
  A scorpion (D:2)
  2 jellies (D:4)
  3 adders
  5 gnolls
  2 dart slugs (D:1)
  4 orcs
  9 endoplasms
  A giant cockroach (D:4)
  14 goblins
  4 hobgoblins
  2 jackals (D:3)
  6 kobolds
  5 quokkas
  8 ball pythons
  4 bats
  6 frilled lizards
  3 rats
79 creatures vanquished.

Notes
Turn   | Place    | Note
-------+----------+-------------------------------------------
     0 | D:1      | zenocrate the Vine Stalker Enchanter began the quest for
                  | the Orb.
     0 | D:1      | Reached XP level 1. HP: 9/9 MP: 4/4
   124 | D:1      | Reached skill level 1 in Short Blades
   174 | D:1      | Reached XP level 2. HP: 11/13 MP: 6/6
   186 | D:1      | Learned a level 2 spell: Ensorcelled Hibernation
   302 | D:1      | Found a faded altar of an unknown god.
   418 | D:1      | Reached skill level 4 in Stealth
   544 | D:1      | Reached XP level 3. HP: 9/16 MP: 1/7
   548 | D:1      | Learned a level 3 spell: Confusing Touch
  1150 | D:2      | Noticed a scorpion
  1155 | D:2      | Killed a scorpion
  1156 | D:2      | Reached skill level 1 in Ice Magic
  1156 | D:2      | Reached XP level 4. HP: 21/21 MP: 8/8
  1238 | D:2      | Reached XP level 5. HP: 24/24 MP: 9/9
  1261 | D:2      | Learned a level 3 spell: Tukima's Dance
  2803 | D:4      | Got Sif Muna's Guidebook on Meteoric Transfiguration
  2867 | D:4      | Identified the +4 flail of Indignation {protect, *Rage
                  | rC++}
  3095 | D:4      | Reached skill level 5 in Stealth
  3242 | D:4      | Reached XP level 6. HP: 28/28 MP: 5/11
  3371 | D:4      | Found Limanim's Magic Scroll Shoppe.
  3473 | D:5      | Entered Level 5 of the Dungeon
  3627 | D:5      | Mangled by a gnoll sergeant

Illustrated notes

Levels and vault maps discovered:
D:1:      tarquinn_simple_flora_water_b, layout_basic,
          hellmonk_ecumenical_altar_inner_sanctum
D:2:      layout_loops_ring, st_stairs_9, minmay_surrounded
D:3:      layout_loops_ring
D:4:      layout_loops_ring, serial_shops, nicolae_shop_rolled_up, serial_glass,
          glass_columns_a, glass_columns_c
D:5:      layout_loops_ring

Skill      XL: |  1  2  3  4  5 |
---------------+----------------+-----
Short Blades   | 1 2 |  2.4
Stealth        | 4 5 |  5.1
Dodging        | 2 |  2.5
Ice Magic      | 1 |  1.9
Spellcasting   | |  2.9
Hexes          | |  3.9

Action                     |  1- 3 |  4- 6 || total
---------------------------+-------+-------++-------
  Melee: Dagger            |    65 |    66 ||   131
         Bite              |    11 |    29 ||    40
         Punch             |     2 |       ||     2
         Rapier            |       |    69 ||    69
   Cast: Ensorcelled Hiber |     1 |    11 ||    12
  Evoke: Wand              |       |     2 ||     2
    Use: Scroll            |       |     6 ||     6
         Potion            |       |     1 ||     1
   Stab: Sleeping          |     7 |    17 ||    24
         Invisible         |       |     1 ||     1
 Armour: Robe              |    32 |    66 ||    98
  Dodge: Dodged            |    29 |    79 ||   108

Table legend: (Time is in decaauts)
 A = Elapsed time spent in this place.
 B = Non-inter-level travel time spent in this place.
 C = Inter-level travel time spent in this place.
 D = Time resting spent in this place.
 E = Time spent auto-exploring this place.
 F = Levels seen in this place.
 G = Mean time per level.
                   A        B        C        D        E       F      G
               +--------+--------+--------+--------+--------+-----+--------+
         Total |   3621 |   3459 |    162 |      0 |   2813 |   5 |  724.2 |
       Dungeon |   3621 |   3459 |    162 |      0 |   2813 |   5 |  724.2 |
               +--------+--------+--------+--------+--------+-----+--------+

Top non-repeatable levels by time:
     D:1: 1141 daAuts
     D:4: 851 daAuts
     D:3: 786 daAuts
     D:2: 686 daAuts
     D:5: 154 daAuts
